 Seeded DCSS version 0.29.0-13-gc9e81de378 (webtiles) character file.

Game seed: 3875183420463564524 (custom seed)

20792 bwicke the Carver (level 13, -6/113 HPs)
             Began as a Meteoran Gladiator on Sept 8, 2022.
             Was a High Priest of Okawaru.
             Mangled by a ghost moth (20 damage)
             ... on level 2 of the Orcish Mines.
             The game lasted 01:01:07 (7778 turns).

bwicke the Carver (Meteoran Gladiator)              Turns: 7778, Time: 01:01:07

Health: -6/113     AC:  7    Str: 16    XL:     13   Next: 45%
Magic:  3/31       EV: 18    Int: 14    God:    Okawaru [*****.]
Gold:   1722       SH: 24    Dex: 23    Spells: 12/12 levels left

rFire   + . .      SeeInvis +   D - +9 scimitar of Punishment {speed, rCorr}
rCold   + + .      Faith    .   O - +5 tower shield of Getoti {rElec rF+ Dex+3}
rNeg    + + .      Spirit   .   a - +0 robe of Miyv {rN++}
rPois   .          Reflect  .   c - +0 helmet
rElec   +          Harm     .   F - +1 cloak of Ageulai {rC+ Regen+ Int+3}
rCorr   +          Rampage  .   E - +0 pair of gloves
Will    ++...                   I - +0 pair of boots
Stlth   +.........              w - amulet of the acrobat
HPRegen 0.28/turn               i - ring "Oxtey" {rC+ Will+ MP+9}
MPRegen 0.22/turn               y - ring of see invisible

@: glowing
A: sense surroundings 2, otherworldly, glowing, explore regen
a: Renounce Religion, Heroism, Finesse, Duel


You were on level 2 of the Orcish Mines.
You worshipped Okawaru.
Okawaru was extremely pleased with you.
You visited 3 branches of the dungeon, and saw 13 of its levels.
You also visited: Bailey.

You collected 2010 gold pieces.
You spent 288 gold pieces at shops.

Inventory:

Hand Weapons
 g - a +7 quarterstaff of speed
 A - the +10 mace "Bolueq" {freeze, rElec Stlth+}
   (You found it on level 4 of the Dungeon)

   It freezes those it strikes, dealing additional cold damage.
   It can also slow down cold-blooded creatures.
   rElec:     It insulates you from electricity.
   Stlth:     It makes you more stealthy.
 B - a +0 sling of chaos
 D - the +9 scimitar of Punishment (weapon) {speed, rCorr}
   (You found it on level 4 of the Dungeon)

   Attacks with this weapon are significantly faster.
   rCorr:     It protects you from acid and corrosion.
 P - a +2 vampiric dagger
 Z - a +2 dagger of holy wrath
Missiles
 d - 5 throwing nets (quivered)
 n - 2 curare-tipped darts
 s - 4 atropa-tipped darts
Armour
 a - the +0 robe of Miyv (worn) {rN++}
   (Okawaru gifted it to you on level 10 of the Dungeon)

   rN:        It greatly protects you from negative energy.
 c - a +0 helmet (worn)
 E - a +0 pair of gloves (worn)
 F - the +1 cloak of Ageulai (worn) {rC+ Regen+ Int+3}
   (Okawaru gifted it to you on level 2 of the Orcish Mines)

   Int:       It affects your intelligence (+3).
   rC:        It protects you from cold.
   Regen:     It increases your rate of health regeneration.
 G - a +0 cloak of willpower
 I - a +0 pair of boots (worn)
 O - the +5 tower shield of Getoti (worn) {rElec rF+ Dex+3}
   (You found it on level 5 of the Dungeon)

   Dex:       It affects your dexterity (+3).
   rF:        It protects you from fire.
   rElec:     It insulates you from electricity.
 X - a +4 plate armour of fire resistance
Jewellery
 e - a ring of resist corrosion
 f - a +6 ring of intelligence
 i - the ring "Oxtey" (left hand) {rC+ Will+ MP+9}
   (You found it in a bailey)

   [ring of magical power]

   rC:        It protects you from cold.
   MP:        It affects your magic capacity (+9).
   Will:      It increases your willpower.
 k - a +6 ring of strength
 m - a +6 ring of dexterity
 v - a ring of protection from fire
 w - an amulet of the acrobat (around neck)
 y - a ring of see invisible (right hand)
 C - a +6 ring of strength
 H - an amulet of reflection
 M - a ring of positive energy
 Q - a ring of poison resistance
Wands
 u - a wand of roots (19)
 K - a wand of paralysis (5)
 S - a wand of polymorph (13)
 T - a wand of light (10)
Scrolls
 j - 2 scrolls of immolation
 o - 4 scrolls of blinking
 p - a scroll of vulnerability
 q - 5 scrolls of magic mapping
 r - a scroll of torment
 J - 5 scrolls of teleportation
 W - 4 scrolls of amnesia
Potions
 b - 2 potions of magic {unknown}
 h - a potion of cancellation {unknown}
 l - 2 potions of berserk rage {unknown}
 t - 3 potions of brilliance {unknown}
 x - 6 potions of curing {unknown}
 z - 11 potions of might
 L - a potion of attraction {unknown}
 N - 3 potions of heal wounds
 R - 2 potions of flight {unknown}
 U - 5 potions of degeneration
 V - 2 potions of mutation {unknown}
 Y - a potion of ambrosia {unknown}


   Skills:
 + Level 10.2 Fighting
 - Level 14.0 Long Blades
 - Level 2.4 Throwing
 - Level 10.8 Dodging
 - Level 11.2 Shields
 - Level 11.0 Invocations


You had 12 spell levels left.
You didn't know any spells.
Your spell library contained the following spells:

 Spells                   Type           Power      Damage    Failure   Level
 Beastly Appendage        Tmut           0%         N/A       83%         1
 Sting                    Tmut/Pois      0%         1d3       83%         1
 Ensorcelled Hibernation  Hex/Ice        0%         N/A       93%         2
 Passwall                 Tmut/Erth      0%         N/A       93%         2
 Poisonous Vapours        Pois/Air       0%         N/A       93%         2
 Portal Projectile        Hex/Tloc       0%         N/A       99%         3
 Stone Arrow              Conj/Erth      0%         3d7       99%         3
 Swiftness                Air            0%         N/A       99%         3
 Leda's Liquefaction      Hex/Erth       0%         N/A       100%        4
 Olgreb's Toxic Radiance  Pois           0%         N/A       100%        4
 Irradiate                Conj/Tmut      0%         3d11      100%        5
 Yara's Violent Unravell  Hex/Tmut       0%         3d3       100%        5
 Orb of Destruction       Conj           0%         9d5       100%        7
 Lehudib's Crystal Spear  Conj/Erth      0%         10d2      100%        8
 Call Canine Familiar     Summ           Unusable   N/A       N/A         3
 Summon Guardian Golem    Hex/Summ       Unusable   N/A       N/A         3
 Tukima's Dance           Hex            Unusable   N/A       N/A         3
 Animate Armour           Summ/Erth      Unusable   N/A       N/A         4
 Spellforged Servitor     Conj/Summ      Unusable   N/A       N/A         7

Dungeon Overview and Level Annotations

Branches:
Dungeon (10/15) Zot: 183   Temple (1/1) D:7 Zot: 574    Lair (0/5) D:10
    Orc (2/2) D:10 Zot: 202     Elf (0/3) Orc:2        Bailey (visited)

Altars:
Ashenzari
Cheibriados
Dithmenos
Elyvilon
Fedhas
Gozag
Hepliaklqana
Makhleb
Nemelex Xobeh
Okawaru
Qazlal
Ru
Sif Muna
Trog
Uskayaw
Wu Jian
Xom
Yredelemnul
Zin
The Shining One

Shops:
D:3 !   D:4 =   D:7 *   Orc:2 [[=[

Portals:
Trove: D:10 (give +6 fire dragon scales)

Annotations:
Temple 4 transporters


Innate Abilities, Weirdness & Mutations

You passively map the area around you.
You are easily found by Zot.
You glow in the dark.
You regain HP and MP as you explore.


Message History

y - a ring of see invisible (right hand)
A ghost moth comes into view.
The ghost moth stares at you.
You feel your power leaking away.
Aiming: Fastroot
Press: ? - help, Shift-Dir - straight line, f/p - ghost moth
Aim: a ghost moth (slightly transparent)
The roots erupt in riotous growth!
Roots grab the ghost moth.
The grasping roots constrict the ghost moth.
You hear two shouts!
The ghost moth stares at you.
You feel your power leaking away.
The ghost moth escapes!
You hit the ghost moth but do no damage.
The ghost moth stares at you.
You feel your power leaking away. The ghost moth misses you.
You block the ghost moth's attack. x2
You slice the ghost moth!!
The ghost moth is moderately wounded.
The ghost moth stares at you.
You feel your power leaking away. You block the ghost moth's attack.
The ghost moth misses you. The ghost moth stings you.
* * * LOW HITPOINT WARNING * * *
You slice the ghost moth!!
The ghost moth is heavily wounded.
You block the ghost moth's attack. The ghost moth hits you!
* * * LOW HITPOINT WARNING * * *
You block the ghost moth's attack.
You feel much better. You block the ghost moth's attack. x2
The ghost moth stings you!
* * * LOW HITPOINT WARNING * * *
You slice the ghost moth!!
The ghost moth is severely wounded.
The ghost moth barely misses you. You block the ghost moth's attack. x2
You barely miss the ghost moth.
The ghost moth is severely wounded.
The ghost moth hits you!!
You die...

* , , * ...........# * ,
........#### , .....##.# * ,,
, ....##..# * , *... ##'# * #
#####*#####..# ,###.
######...## #..)).#
,+....#...#.....###.)(..#####
,
+....'((()..y@)')'..####.∩.#
######...#...).###.....#...#
######.)(## #.....#...#
##..)## ####.)##..# #.....#
#...†)....# #.....#
#.....#..## #∩...∩#
########## ##._.## #####


You could see a ghost moth (invisible).

Vanquished Creatures
  Josephine (Orc:1)
  4 two-headed ogres
  An orc high priest (Orc:2)
  Pikel (D:5)
  3 orc knights (Orc:2)
  3 orc sorcerers (Orc:2)
  2 cyclopes (Orc:2)
  Joseph (D:9)
  Maurice (D:8)
  Maggie (D:7)
  2 trolls
  2 hornets
  Prince Ribbit (D:6)
  Grinder (D:4)
  6 saltlings (Orc:2)
  6 wraiths
  A vampire (D:10)
  A wyvern (D:9)
  6 yaks (D:10)
  4 steam dragons
  Grum (D:8)
  A warg (Orc:2)
  Duvessa (D:6)
  An acid dragon (D:10)
  3 water moccasins
  A swamp drake (D:10)
  3 black bears
  23 orc warriors
  2 sky beasts
  An ice beast (D:6)
  8 ogres
  3 centaurs (D:10)
  4 wolves (D:8)
  2 phantoms
  5 kobold brigands
  6 bullfrogs
  3 scorpions
  Dowan (D:6)
  6 killer bees (D:9)
  2 electric eels
  3 howler monkeys
  4 jellies
  14 orc priests
  A hound (D:7)
  A gnoll bouda (D:5)
  20 orc wizards
  4 iguanas
  12 gnolls
  3 adders
  A white imp (D:8)
  An ufetubus (D:5)
  A dart slug (D:1)
  73 orcs
  10 endoplasms
  2 giant cockroaches
  9 goblins
  7 hobgoblins
  3 jackals (D:2)
  25 kobolds
  4 quokkas
  2 ball pythons (D:2)
  8 bats
  4 frilled lizards
  8 rats
  22 pillars of salt (Orc:2)
367 creatures vanquished.

Vanquished Creatures (others)
  A wizard (D:7)
  An orc (D:10)
  2 kobolds (D:9)
  4 plants (D:9)
8 creatures vanquished.

Grand Total: 375 creatures vanquished

Notes
Turn   | Place    | Note
-------+----------+-------------------------------------------
     0 | D:1      | bwicke the Meteoran Gladiator began the quest for the Orb.
     0 | D:1      | Reached XP level 1. HP: 17/17 MP: 2/2
    69 | D:1      | Reached skill level 4 in Long Blades
    73 | D:1      | Reached XP level 2. HP: 16/24 MP: 3/3
   185 | D:1      | Reached XP level 3. HP: 19/29 MP: 4/4
   262 | D:1      | Reached skill level 5 in Long Blades
   491 | D:1      | Glimpsed the power of Zot.
   540 | D:1      | Glimpsed the power of Zot.
   579 | D:1      | Glimpsed the power of Zot.
   589 | D:1      | Touched by the power of Zot.
  1028 | D:2      | Found a faded altar of an unknown god.
  1169 | D:2      | Reached XP level 4. HP: 22/27 MP: 5/5
  1284 | D:2      | Glimpsed the power of Zot.
  1334 | D:2      | Glimpsed the power of Zot.
  1692 | D:3      | Reached skill level 6 in Long Blades
  1725 | D:3      | Reached XP level 5. HP: 18/38 MP: 6/6
  1761 | D:3      | Found Eskeli's Distillery.
  1764 | D:3      | Bought a potion of might for 40 gold pieces
  1881 | D:3      | Glimpsed the power of Zot.
  1929 | D:4      | Reached skill level 7 in Long Blades
  1949 | D:4      | Found Ycwi's Jewellery Shoppe.
  1960 | D:4      | Identified the +10 mace "Bolueq" {freeze, rElec Stlth+}
  2003 | D:4      | Identified the +9 scimitar of Punishment {speed, rCorr}
  2028 | D:4      | Reached XP level 6. HP: 48/48 MP: 7/7
  2186 | D:4      | Found a sparkling altar of Nemelex Xobeh.
  2190 | D:4      | Noticed Grinder
  2196 | D:4      | Noticed a black bear
  2197 | D:4      | Paralysed by Grinder for 5 turns
  2218 | D:4      | Killed a black bear
  2222 | D:4      | Killed Grinder
  2223 | D:4      | Reached skill level 5 in Shields
  2223 | D:4      | Reached XP level 7. HP: 55/55 MP: 8/8
  2335 | D:4      | You fall into a shaft and drop 3 floors!
  2340 | D:7      | Noticed a steam dragon
  2348 | D:7      | Killed a steam dragon
  2349 | D:7      | Reached XP level 8. HP: 60/61 MP: 9/9
  2422 | D:7      | Reached skill level 8 in Long Blades
  2599 | D:5      | Entered Level 5 of the Dungeon
  2626 | D:5      | Reached skill level 9 in Long Blades
  2642 | D:5      | Identified the +5 tower shield of Getoti {rElec rF+ Dex+3}
  2756 | D:5      | Reached skill level 10 in Long Blades
  2810 | D:4      | Bought a ring of poison resistance for 200 gold pieces
  2907 | D:5      | Found a shimmering blue altar of Sif Muna.
  2912 | D:5      | Found an iron altar of Okawaru.
  2918 | D:5      | Found a stormy altar of Qazlal.
  2921 | D:5      | Found a hazy altar of Hepliaklqana.
  2938 | D:5      | Became a worshipper of Warmaster Okawaru
  3023 | D:5      | Gained mutation: You passively map the area around you.
                  | [Meteoran growth]
  3023 | D:5      | Reached XP level 9. HP: 67/67 MP: 10/10
  3304 | D:5      | Reached skill level 11 in Long Blades
  3324 | D:5      | Noticed Pikel
  3332 | D:5      | Killed Pikel
  3332 | D:5      | Reached * piety under Okawaru
  3333 | D:5      | Reached skill level 12 in Long Blades
  3565 | D:6      | Reached ** piety under Okawaru
  3566 | D:6      | Reached skill level 13 in Long Blades
  3663 | D:7      | Got the Discourse on Mutagenic Guile
  3685 | D:7      | Found a staircase to the Ecumenical Temple.
  3695 | Temple   | Entered the Ecumenical Temple
  3695 | Temple   | Found a transporter.
  3695 | Temple   | Found a transporter.
  3697 | Temple   | Found a transporter.
  3697 | Temple   | Found a transporter.
  3739 | D:7      | Found Suluolon's Assorted Antiques.
  3741 | D:7      | Noticed Maggie
  3751 | D:7      | Killed Maggie
  3752 | D:7      | Reached XP level 10. HP: 54/73 MP: 11/11
  3764 | D:7      | Reached skill level 14 in Long Blades
  3842 | D:7      | Reached *** piety under Okawaru
  4026 | D:7      | Bought a scroll labelled GUOLAS HEERPHE for 24 gold pieces
  4026 | D:7      | Bought a scroll labelled TINULA IFEU for 24 gold pieces
  4027 | D:7      | Found a bloodstained altar of Trog.
  4028 | D:7      | Noticed a wizard
  4034 | D:7      | Killed a wizard
  4215 | D:8      | Found a flagged portal.
  4237 | Bailey   | Entered a bailey
  4424 | Bailey   | Reached skill level 10 in Shields
  4467 | Bailey   | Identified the ring "Oxtey" {rC+ Will+ MP+9}
  4696 | D:6      | Noticed Prince Ribbit
  4726 | D:6      | Killed Prince Ribbit
  4807 | D:6      | Noticed Dowan
  4808 | D:6      | Noticed Duvessa
  4811 | D:6      | Killed Dowan
  4822 | D:6      | Killed Duvessa
  4822 | D:6      | Reached **** piety under Okawaru
  4828 | D:6      | Found an opulent altar of Gozag.
  4840 | D:6      | Reached XP level 11. HP: 62/81 MP: 12/12
  5051 | D:8      | Noticed Maurice
  5071 | D:8      | Killed Maurice
  5145 | D:8      | Reached skill level 5 in Fighting
  5158 | D:8      | Noticed Grum
  5179 | D:8      | Killed Grum
  5327 | D:8      | Glimpsed the power of Zot.
  5491 | D:9      | Noticed Joseph
  5502 | D:9      | Killed Joseph
  5502 | D:9      | Reached ***** piety under Okawaru
  5859 | D:10     | Entered Level 10 of the Dungeon
  5916 | D:10     | Found a glowing silver altar of Zin.
  5944 | D:10     | Noticed a two-headed ogre
  5952 | D:10     | Killed a two-headed ogre
  5959 | D:10     | Noticed a two-headed ogre
  5965 | D:10     | Killed a two-headed ogre
  5966 | D:10     | Reached skill level 10 in Fighting
  6028 | D:10     | Found a staircase to the Lair.
  6132 | D:10     | Identified the +0 robe of Miyv {rN++} (Okawaru gifted it to
                  | you on level 10 of the Dungeon)
  6132 | D:10     | Received a gift from Okawaru
  6209 | D:10     | Reached XP level 12. HP: 106/106 MP: 12/16
  6279 | D:10     | Reached skill level 5 in Invocations
  6502 | D:10     | Found a portal to a secret trove of treasure.
  6534 | D:10     | Found a blossoming altar of Fedhas.
  6558 | D:10     | Glimpsed the power of Zot.
  6575 | D:10     | Found a staircase to the Orcish Mines.
  6589 | D:10     | Noticed a two-headed ogre
  6600 | D:10     | Killed a two-headed ogre
  6615 | D:10     | Glimpsed the power of Zot.
  6659 | D:10     | Glimpsed the power of Zot.
  6668 | D:10     | Touched by the power of Zot.
  6686 | Orc:1    | Entered Level 1 of the Orcish Mines
  6840 | Orc:1    | Noticed Josephine
  6861 | Orc:1    | Killed Josephine
  6862 | Orc:1    | Reached skill level 10 in Invocations
  7081 | Orc:2    | Entered Level 2 of the Orcish Mines
  7171 | Orc:2    | Reached skill level 5 in Dodging
  7261 | Orc:2    | Found a staircase to the Elven Halls.
  7263 | Orc:2    | Found Lyoz's Antique Armour Emporium.
  7356 | Orc:2    | Received a gift from Okawaru
  7396 | Orc:2    | Reached XP level 13. HP: 113/113 MP: 22/22
  7615 | Orc:2    | Noticed a two-headed ogre
  7624 | Orc:2    | Killed a two-headed ogre
  7660 | Orc:2    | Found Ackahaxt's Jewellery Emporium.
  7682 | Orc:2    | Found Demiffa's Armour Boutique.
  7689 | Orc:2    | Identified the +1 cloak of Ageulai {rC+ Regen+ Int+3}
                  | (Okawaru gifted it to you on level 2 of the Orcish Mines)
  7689 | Orc:2    | Received a gift from Okawaru
  7696 | Orc:2    | Reached skill level 10 in Dodging
  7700 | Orc:2    | Found Zideomy's Antique Armour Boutique.
  7758 | Orc:2    | Noticed an ettin
  7769 | Orc:2    | an ettin changed into something unseen
  7771 | Orc:2    | Noticed a ghost moth
  7778 | Orc:2    | Mangled by a ghost moth

Illustrated notes

Levels and vault maps discovered:
D:1:      elethiomel_arrival_infinity_welcomes_careful_drivers, layout_basic
D:2:      layout_basic, shapermc_ecumenical_altar_starsandcircs,
          roderic_lattice_a, kennysheep_potato
D:3:      layout_loops_ring, serial_shops, nicolae_shop_behind_doors,
          corexii_leaking_fountain
D:4:      layout_rooms, amcnicky_altar_gilded, serial_shops,
          nicolae_stop_n_shop_2, uniq_grinder
D:5:      layout_basic, kennysheep_mini, grunt_temple_overflow_cloverleaf,
          uniq_pikel
D:6:      layout_basic, lemuel_doored_altar, uniq_duvessa, uniq_prince_ribbit1
D:7:      layout_basic, trog_wizard, minmay_temple_entry_junction, serial_shops,
          shop, uniq_maggie
D:8:      layout_basic, enter_bailey_3, uniq_maurice, uniq_grum
D:9:      layout_rooms, nicolae_lava_and_water, serial_bayou_lake_a, uniq_joseph
D:10:     minmay_polygon_palace, layout_basic, kennysheep_mini_moat,
          mainiacjoe_overflow_cross_hatched, mainiacjoe_overflow_tiny_flanked,
          lair_entry_dummy, erik_orc_1, enter_trove_3
Temple:   hellmonk_temple_divided_pantheon
Orc:1:    layout_caves, mines1_david, uniq_josephine
Orc:2:    hellmonk_orc_salted, layout_caves, serial_shops, shop

Skill      XL: |  1  2  3  4  5  6  7  8  9 10 11 12 13 |
---------------+----------------------------------------+-----
Long Blades    | 4 5 6 7 10 13 14 | 14.0
Shields        | 5 6 11 | 11.2
Fighting       | 10 | 10.2
Invocations    | 4 11 | 11.0
Dodging        | 6 10 | 10.8
Throwing       | |  2.4

Action                   |  1- 3 |  4- 6 |  7- 9 | 10-12 | 13-15 || total
-------------------------+-------+-------+-------+-------+-------++-------
Melee: Long sword        |    86 |    73 |       |       |       ||   159
       Punch             |     2 |     2 |       |       |       ||     4
       Scimitar          |       |    19 |   139 |   591 |    96 ||   845
Throw: Throwing net      |     1 |     5 |       |       |       ||     6
       Dart              |       |     1 |       |     1 |     3 ||     5
Invok: Heroism           |       |       |       |    12 |     1 ||    13
       Finesse           |       |       |       |     2 |     1 ||     3
Evoke: Wand              |       |       |       |       |     2 ||     2
  Use: Scroll            |       |     4 |     2 |     6 |     1 ||    13
       Potion            |       |       |       |     2 |     1 ||     3
 Stab: Confused          |       |       |       |     1 |       ||     1
Armor: Leather armour    |     9 |       |       |     4 |       ||    13
       Ring mail         |    44 |    40 |    17 |     3 |       ||   104
       Steam dragon scal |       |       |       |     8 |       ||     8
       Robe              |       |       |       |    10 |     2 ||    12
Dodge: Dodged            |    61 |    48 |    24 |    91 |    11 ||   235
Block: Buckler           |       |     1 |    25 |       |       ||    26
       Tower shield      |       |       |    73 |   522 |    60 ||   655
